 Dungeon Crawl Stone Soup version 0.25-a0-565-g8875c97ebb (webtiles) character file.

Game seed: 17481929719675571613, levelgen mode: deterministic

70 Flugslaktarn the Shield-Bearer (level 4, -16/42 HPs)
             Began as a Deep Dwarf Fighter on Feb 26, 2020.
             Demolished by an ogre
             ... wielding a +0 giant club
              (20 damage)
             ... on level 4 of the Dungeon.
             The game lasted 00:00:29 (452 turns).

Flugslaktarn the Shield-Bearer (Deep Dwarf Fighter)  Turns: 452, Time: 00:00:30

Health: -16/42     AC:  8    Str: 21    XL:     4   Next: 4%
Magic:  2/2        EV:  7    Int:  8    God:
Gold:   26         SH:  9    Dex: 12    Spells: 3/3 levels left

rFire    . . .     SeeInvis .   a - +0 war axe
rCold    . . .     Gourm    .   c - +0 kite shield
rNeg     . . .     Faith    .   b - +0 scale mail
rPois    .         Spirit   .   g - +0 helmet (curse)
rElec    .         Reflect  .   (no cloak)
rCorr    .         Harm     .   (no gloves)
MR       .....                  (no boots)
Stlth    ..........             (no amulet)
HPRegen  0.00/turn              (no ring)
MPRegen  0.08/turn              (no ring)

@: non-regenerating
A: damage resistance, heal wounds, sense surroundings 1, no regeneration
a: Heal Wounds


You were on level 4 of the Dungeon.
You were not hungry.

You visited 1 branch of the dungeon, and saw 4 of its levels.

You collected 26 gold pieces.

Inventory:

Hand Weapons
 a - a +0 war axe (weapon)
Armour
 b - a +0 scale mail (worn)
 c - a +0 kite shield (worn)
 g - a cursed +0 helmet (worn)
   (You took it off Robin on level 3 of the Dungeon)
Scrolls
 h - a scroll of random uselessness {unknown}
Potions
 d - a potion of might
Comestibles
 e - a ration
 f - 18 chunks of flesh


   Skills:
 * Level 3.3 Fighting
 * Level 3.3 Axes
 + Level 3.7 Armour
 + Level 3.7 Shields


You had 3 spell levels left.
You didn't know any spells.
Your spell library was empty.

Dungeon Overview and Level Annotations

Branches:
Dungeon (4/15)
 Temple: D:4-7

Altars:
Vehumet

Annotations:
D:4 Edmund


Innate Abilities, Weirdness & Mutations

You are resistant to damage.
You can heal yourself by infusing magical energy.
You passively map a small area around you.
You do not regenerate.


Message History

You are too injured to fight recklessly!
You are too injured to fight recklessly!
You are too injured to fight recklessly!
You are too injured to fight recklessly!
You are too injured to fight recklessly!
You are too injured to fight recklessly!
You are too injured to fight recklessly!
You are too injured to fight recklessly!
You are too injured to fight recklessly!
You fail to use your ability.
The bullfrog hits you but does no damage.
Edmund hits you with a +2 vorpal dire flail.
The bullfrog hits you.
* * * LOW HITPOINT WARNING * * *
You hit Edmund but do no damage.
Edmund is heavily wounded.
You hit the ogre. You barely miss the bullfrog.
The bullfrog hits you but does no damage.
The ogre hits you with a +0 giant club!!
You die...

, ._.#.. ,
....... ,
..#.... *, *
...?... ,
.......**** *
,.......## * ,
,......O@# ,
......F@#
.....##.####
#####.##....# *
#.##..<#.####.##
,#........####.#
*
####..........#
, ############ *


You could see Edmund, an ogre and a bullfrog.

Vanquished Creatures
  A worker ant (D:4)
  Robin (D:3)
  2 worms (D:3)
  An orc (D:4)
  2 giant cockroaches
  9 goblins
  6 hobgoblins
  A kobold (D:1)
  2 bats
  A frilled lizard (D:4)
  4 rats
30 creatures vanquished.

Notes
Turn   | Place    | Note
-------+----------+-------------------------------------------
     0 | D:1      | Flugslaktarn the Deep Dwarf Fighter began the quest for the
                  | Orb.
     0 | D:1      | Reached XP level 1. HP: 20/20 MP: 1/1
    66 | D:3      | Reached XP level 2. HP: 27/27 MP: 2/2
   304 | D:3      | Noticed Robin
   312 | D:3      | Reached XP level 3. HP: 20/34 MP: 2/2
   330 | D:3      | Killed Robin
   426 | D:4      | Noticed a bullfrog
   428 | D:4      | Found a radiant altar of Vehumet.
   428 | D:4      | Noticed Edmund
   440 | D:4      | Noticed an ogre
   443 | D:4      | Reached XP level 4. HP: 31/42 MP: 2/2
   452 | D:4      | Demolished by an ogre

Levels and vault maps discovered:
D:1:      nicolae_arrival_memento_mori, layout_loops_corners,
          minmay_misc_feat_plants, minmay_split_cup_large
D:2:      layout_rooms, first_ration, uniq_crazy_yiuf_cottage, uniq_sigmund
D:3:      layout_loops_corners, overflow_temple_1_default, uniq_robin
D:4:      layout_basic, vehumet_altar_wand_db, uniq_edmund, uniq_ijyb

Skill      XL: |  1  2  3 |
---------------+----------+-----
Fighting       | 3 |  3.3
Axes           | 3 |  3.3
Armour         | |  3.7
Shields        | |  3.7

Action                   |  1- 3 |  4- 6 || total
-------------------------+-------+-------++-------
Melee: War axe           |    74 |     7 ||    81
 Abil: Heal Wounds       |     4 |     1 ||     5
Armor: Scale mail        |    32 |    10 ||    42
Dodge: Dodged            |    26 |     7 ||    33
Block: Kite shield       |    42 |    12 ||    54

Table legend:
 A = Non-vault XP
 B = Vault XP
 C = Vault XP percentage of total XP
 D = Non-vault monster count
 E = Vault monster count
 F = Vault count percentage of total count
                 A         B        C        D         E       F
            +---------+---------+-------+---------+---------+-------
      Total |      66 |      35 |  34.7 |      18 |      12 |  40.0
            +---------+---------+-------+---------+---------+-------
        D:1 |       7 |       0 |   0.0 |       4 |       0 |   0.0
        D:2 |       3 |       0 |   0.0 |       2 |       0 |   0.0
        D:3 |      20 |      33 |  62.3 |       9 |      11 |  55.0
        D:4 |      36 |       2 |   5.3 |       3 |       1 |  25.0
            +---------+---------+-------+---------+---------+-------
